 Dungeon Crawl Stone Soup version 0.29.0-11-gd7f09526c8 (webtiles) character file.

Game seed: 10227174744094241192

324 SensoryNuts the Slasher (level 6, -8/52 HPs)
             Began as a Draconian Fighter on Sept 6, 2022.
             Mangled by Terence
             ... wielding a +2 hand axe of electrocution
              (10 damage)
             ... on level 3 of the Dungeon.
             The game lasted 00:02:07 (3550 turns).

SensoryNuts the Slasher (Draconian Fighter)         Turns: 3550, Time: 00:02:08

Health: -8/52      AC:  6    Str: 19    XL:     6   Next: 23%
Magic:  6/6        EV: 12    Int:  8    God:
Gold:   130        SH:  5    Dex: 12    Spells: 5/5 levels left

rFire   . . .      SeeInvis .   a - +1 long sword
rCold   . . .      Faith    .   b - +1 buckler
rNeg    . . .      Spirit   .   (body armour unavailable)
rPois   .          Reflect  .   (helmet restricted)
rElec   .          Harm     .   (no cloak)
rCorr   .          Rampage  .   (no gloves)
Will    .....                   (no boots)
Stlth   ++........              (no amulet)
HPRegen 0.17/turn               (no ring)
MPRegen 0.10/turn               (no ring)

@: mighty
A: AC +6, unfitting armour, cold-blooded, horns 1, subdued magic 1
a: no special abilities


You were on level 3 of the Dungeon.
You visited 1 branch of the dungeon, and saw 3 of its levels.

You collected 130 gold pieces.

Inventory:

Hand Weapons
 a - a +1 long sword (weapon)
Armour
 b - a +1 buckler (worn)
Wands
 d - a wand of iceblast (10)
Scrolls
 g - a scroll of identify
 m - a scroll of silence
Potions
 c - a potion of degeneration {unknown}
 i - 2 potions of attraction


   Skills:
 + Level 4.1 Fighting
 * Level 5.1 Long Blades
 + Level 3.4 Dodging
 + Level 1.6 Stealth
 + Level 3.3 Shields


You had 5 spell levels left.
You didn't know any spells.
Your spell library contained the following spells:

 Spells                   Type           Power      Damage    Failure   Level
 Portal Projectile        Hex/Tloc       0%         N/A       83%         3
 Tukima's Dance           Hex            0%         N/A       83%         3
 Blade Hands              Tmut           0%         N/A       100%        5


Dungeon Overview and Level Annotations

Branches:
Dungeon (3/15)

Altars:
Cheibriados
Fedhas
Ru

Annotations:
D:3 Terence


Innate Abilities, Weirdness & Mutations

Your plain brown scales are hard. (AC +6)
You cannot fit into any form of body armour.
You are cold-blooded and may be slowed by cold attacks.
You have a pair of small horns on your head.
Your spells are a little easier to cast, but a little less powerful.


Message History

Terence barely misses you. Terence hits you but does no damage.
You are electrocuted!
You hit Terence but do no damage.
You tail-slap Terence, but do no damage.
Terence hits you with a +2 hand axe of electrocution.
You block Terence's attack.
You closely miss Terence.
Your tail-slap misses Terence.
Terence hits you with a +2 hand axe of electrocution!
You block Terence's attack.
You hit Terence.
Terence is lightly wounded.
Terence completely misses you.
You hit Terence but do no damage.
Terence is lightly wounded.
Terence hits you with a +2 hand axe of electrocution!
Terence closely misses you.
You are too injured to fight recklessly!
You are too injured to fight recklessly!
You are too injured to fight recklessly!
You are too injured to fight recklessly!
You are too injured to fight recklessly!
You are too injured to fight recklessly!
You are too injured to fight recklessly!
Unknown command.
You feel very mighty all of a sudden. Terence closely misses you.
You block Terence's attack.
You closely miss Terence.
Terence is lightly wounded.
Terence hits you with a +2 hand axe of electrocution.
You are electrocuted!
* * * LOW HITPOINT WARNING * * *
Unknown command.
It was a potion of mutation.
You feel extremely strange.
Your connection to magic feels subdued.
A pair of horns grows on your head! Terence barely misses you.
You block Terence's attack.
You hit Terence. You tail-slap Terence!
Terence is severely wounded.
Terence closely misses you.
Terence hits you with a +2 hand axe of electrocution!
You die...

##+## #.### #.# #...#
#.# ###.# ##.## #.#
##...## #<# ####.....#
#.# ###†..#...######
#.#
..###.#>.......######.#
#.# #.#..##.....@@....#
#.# #.......##.########
#.# ##...#####.#
#.####.P.# #.#
....##.P.#####.#
#.#.##.P.......#
#.#..#.P.#######
#.#......#
#.#......######


You could see Terence (berserk).

Vanquished Creatures
  Grinder (D:3)
  A scorpion (D:3)
  An adder (D:3)
  A worm (D:2)
  3 dart slugs
  4 endoplasms
  4 giant cockroaches
  7 goblins
  10 hobgoblins
  A kobold (D:1)
  3 quokkas
  5 ball pythons
  3 bats
  3 frilled lizards
  7 rats
54 creatures vanquished.

Notes
Turn   | Place    | Note
-------+----------+-------------------------------------------
     0 | D:1      | SensoryNuts the Draconian Fighter began the quest for the
                  | Orb.
     0 | D:1      | Reached XP level 1. HP: 19/19 MP: 1/1
   147 | D:1      | Reached XP level 2. HP: 23/26 MP: 2/2
   883 | D:2      | Reached XP level 3. HP: 23/31 MP: 3/3
  1620 | D:2      | Reached skill level 3 in Long Blades
  1699 | D:2      | Found a snail-covered altar of Cheibriados.
  2367 | D:3      | Found a sacrificial altar of Ru.
  2404 | D:3      | Found a blossoming altar of Fedhas.
  2719 | D:3      | Noticed Grinder
  2733 | D:3      | Paralysed by Grinder for 3 turns
  2739 | D:3      | Paralysed by Grinder for 3 turns
  2746 | D:3      | Killed Grinder
  2747 | D:3      | Reached skill level 4 in Long Blades
  2747 | D:3      | Reached skill level 1 in Stealth
  2747 | D:3      | Reached XP level 4. HP: 17/40 MP: 4/4
  2747 | D:3      | Reached XP level 5. HP: 19/46 MP: 5/5
  2964 | D:3      | Reached skill level 5 in Long Blades
  2964 | D:3      | Reached XP level 6. HP: 11/52 MP: 6/6
  3538 | D:3      | Noticed Terence
  3548 | D:3      | HP: 1/52 [Terence/+2 hand axe of electrocution (15)]
  3549 | D:3      | Gained mutation: Your spells are a little easier to cast,
                  | but a little less powerful. [potion of mutation]
  3549 | D:3      | Gained mutation: You have a pair of small horns on your
                  | head. [potion of mutation]
  3550 | D:3      | Mangled by Terence

Illustrated notes

Levels and vault maps discovered:
D:1:      nzn_arrival_settlement, layout_basic, chequers_hall_statues_corner_a
D:2:      layout_loops_ring, basic_altar
D:3:      layout_loops_corners, mainiacjoe_overflow_boulevard,
          nicolae_ru_sacrificial_ziggurat, dk_noncrumbling_2, uniq_terence,
          uniq_grinder

Skill      XL: |  1  2  3  4  5 |
---------------+----------------+-----
Dodging        | 3 |  3.4
Long Blades    | 4 5 |  5.1
Fighting       | 4 |  4.1
Stealth        | 1 |  1.6
Shields        | |  3.3

Action                   |  1- 3 |  4- 6 || total
-------------------------+-------+-------++-------
Melee: Long sword        |   136 |    30 ||   166
       Tailslap          |    11 |     4 ||    15
  Use: Scroll            |     9 |       ||     9
       Potion            |     2 |     3 ||     5
 Stab: Sleeping          |     5 |       ||     5
Armor: Skin              |    45 |     4 ||    49
Dodge: Dodged            |    65 |    18 ||    83
Block: Buckler           |    22 |     7 ||    29
